 Dungeon Crawl Stone Soup version 0.29.1-1-gd02db6906a (webtiles) character file.

Game seed: 1399036561020226890

169 Homeless the Shield-Bearer (level 5, 0/39 (41) HPs)
             Began as a Human Fighter on Oct 19, 2022.
             Slain by a necrophage (4 damage)
             ... on level 4 of the Dungeon.
             The game lasted 00:07:18 (3815 turns).

Homeless the Shield-Bearer (Human Fighter)          Turns: 3815, Time: 00:07:19

HP:   0/39 (41)     AC:  9    Str: 18    XL:     5   Next: 79%
MP:   5/5           EV:  6    Int:  8    God:
Gold: 91            SH:  5    Dex: 13    Spells: 4/4 levels left

rFire   + . .      SeeInvis .   a - +0 long sword
rCold   . . .      Faith    .   c - +0 buckler
rNeg    . . .      Spirit   .   e - +0 chain mail
rPois   .          Reflect  .   (no helmet)
rElec   .          Harm     .   (no cloak)
rCorr   .          Rampage  .   (no gloves)
Will    .....                   (no boots)
Stlth   ..........              (no amulet)
HPRegen 0.13/turn               j - ring of flight
MPRegen 0.09/turn               g - ring of protection from fire

@: mighty, flying, lightly drained
A: no striking features
a: no special abilities


You were on level 4 of the Dungeon.
You visited 1 branch of the dungeon, and saw 4 of its levels.

You collected 175 gold pieces.
You spent 84 gold pieces at shops.

Inventory:

Hand Weapons
 a - a +0 long sword (weapon)
 o - a +0 mace of protection
Armour
 c - a +0 buckler (worn)
 e - a +0 chain mail (worn)
Jewellery
 b - a ring of willpower
 g - a ring of protection from fire (right hand)
 j - a ring of flight (left hand)
Scrolls
 f - 2 scrolls of identify
 k - a scroll of butterflies
 m - a scroll of fear
 n - 3 scrolls of torment
Potions
 h - a potion of cancellation
 l - a potion of degeneration


   Skills:
 - Level 3.0 Fighting
 - Level 3.7 Long Blades
 * Level 1.3 Maces & Flails
 - Level 3.0 Armour
 * Level 4.7 Shields


You had 4 spell levels left.
You didn't know any spells.
Your spell library contained the following spells:

 Spells                   Type           Power      Damage    Failure   Level
 Sandblast                Erth           0%         2d4       100%        1
 Sting                    Tmut/Pois      0%         1d3       100%        1
 Summon Small Mammal      Summ           0%         N/A       100%        1
 Passwall                 Tmut/Erth      0%         N/A       100%        2
 Poisonous Vapours        Pois/Air       0%         N/A       100%        2
 Call Canine Familiar     Summ           0%         N/A       100%        3
 Stone Arrow              Conj/Erth      0%         3d7       100%        3
 Summon Guardian Golem    Hex/Summ       0%         N/A       100%        3
 Olgreb's Toxic Radiance  Pois           0%         N/A       100%        4


Dungeon Overview and Level Annotations

Branches:
Dungeon (4/15)
 Temple: D:4-7

Altars:

Shops:
D:2 ?(=


Message History

You barely miss the gnoll. The gnoll hits you but does no damage.
You hit the gnoll.
The gnoll is lightly wounded.
The gnoll hits you but does no damage. The gnoll hits you with a +0 club.
You slash the gnoll!
The gnoll is almost dead.
The necrophage hits you but does no damage.
The gnoll hits you with a +0 club.
The necrophage hits you but does no damage.
You slash the necrophage!
The necrophage is moderately damaged.
The gnoll hits you with a +0 club.
* * * LOW HITPOINT WARNING * * *
The necrophage closely misses you.
You barely miss the gnoll.
The gnoll is almost dead.
The gnoll closely misses you. The necrophage barely misses you.
You block the gnoll's attack.
You closely miss the necrophage.
The necrophage is moderately damaged.
The necrophage hits you.
* * * LOW HITPOINT WARNING * * *
You feel drained.
* * * LOW HITPOINT WARNING * * *
You block the gnoll's attack.
You slash the gnoll!
You kill the gnoll!
The necrophage hits you.
* * * LOW HITPOINT WARNING * * *
You feel drained. You block the necrophage's attack.
You closely miss the necrophage.
The necrophage is moderately damaged.
The necrophage hits you but does no damage.
Okay, then.
As you read the scroll of summoning, it crumbles to dust.
Wisps of shadow whirl around you...
The necrophage hits you but does no damage.
The necrophage attacks as you move away!
The necrophage hits you.
You die...

#~ ≈ # .... . #≈≈≈≈
≈≈≈# .... ....#≈≈#≈ ≈#≈
.... .... #≈≈≈ ≈≈ #...
..... ≈≈≈#≈ #..#
......###≈≈##~..#
.........##~~K)..###
........(...)n)....#
........)..@#####.#
#######......)†..##
...............r..###
............>.......!.
.......###.............
.......#..........!....
....†.(..#.............
....<..#......[....##.#
.......#...............


You could see a necrophage (ally target), a friendly quokka (summoned) and a
friendly kobold (summoned).

Vanquished Creatures
  A gnoll bouda (D:4)
  3 adders
  3 gnolls (D:4)
  An ufetubus (D:3)
  A worm (D:2)
  3 dart slugs
  2 orcs
  8 ball pythons
  4 bats
  6 endoplasms
  7 giant cockroaches
  5 goblins
  5 hobgoblins
  3 jackals (D:3)
  3 kobolds
  A quokka (D:1)
  A frilled lizard (D:1)
  6 rats
63 creatures vanquished.

Vanquished Creatures (collateral kills)
  2 bats (D:1)
2 creatures vanquished.

Grand Total: 65 creatures vanquished

Notes
Turn   | Place    | Note
-------+----------+-------------------------------------------
     0 | D:1      | Homeless the Human Fighter began the quest for the Orb.
     0 | D:1      | Reached XP level 1. HP: 18/18 MP: 1/1
   389 | D:1      | Reached XP level 2. HP: 23/24 MP: 2/2
   847 | D:1      | Reached XP level 3. HP: 29/29 MP: 3/3
  1287 | D:1      | Found a faded altar of an unknown god.
  1682 | D:2      | Found Noacuihe's Magic Scroll Boutique.
  1690 | D:2      | Bought a scroll of identify for 28 gold pieces
  1690 | D:2      | Bought a scroll of identify for 28 gold pieces
  1690 | D:2      | Bought a scroll of identify for 28 gold pieces
  1820 | D:2      | Reached XP level 4. HP: 35/35 MP: 4/4
  1935 | D:2      | Found Kore's Jewellery Shop.
  2144 | D:2      | Found Xeaxaypo's Weapon Shop.
  2173 | D:2      | Reached skill level 4 in Shields
  3670 | D:3      | Reached XP level 5. HP: 41/41 MP: 5/5
  3802 | D:4      | Reached skill level 1 in Maces & Flails
  3815 | D:4      | Slain by a necrophage

Illustrated notes

Levels and vault maps discovered:
D:1:      lightli_arrival_noodles, layout_basic,
          shapermc_ecumenical_altar_acropolis, minmay_worlds_worst_comb
D:2:      layout_basic, serial_shops, nicolae_shop_statue_plus,
          nicolae_shop_bloodbath_and_beyond, nicolae_diamond_shop
D:3:      layout_basic, minmay_hedge_maze, minmay_strange_pillars
D:4:      layout_rooms, grunt_ministairs_2, minivault_4

Skill      XL: |  1  2  3  4  5 |
---------------+----------------+-----
Long Blades    | 3 |  3.7
Shields        | 4 |  4.7
Maces & Flails | 1 |  1.3
Fighting       | |  3.0
Armour         | |  3.0

Action                   |  1- 3 |  4- 6 || total
-------------------------+-------+-------++-------
Melee: Long sword        |    97 |   131 ||   228
       Mace              |       |     3 ||     3
  Use: Potion            |     1 |     1 ||     2
       Scroll            |     1 |     6 ||     7
Armor: Scale mail        |     4 |       ||     4
       Chain mail        |    73 |    79 ||   152
Dodge: Dodged            |    32 |    36 ||    68
Block: Buckler           |    21 |    31 ||    52
